Selects Airborne Battlegroup
Selects Smoke Bombing Run
Construct Weapon Support Center
Selects Paratrooper Squad Paradrop
Paratrooper Squad Paradrop
M3 Armored Personnel Carrier
Selects Anti-tank Gun Team Paradrop
M3 Armored Personnel Carrier
Selects Paradrop Reinforcements
Paratrooper Squad Paradrop
Improved M9 Bazooka Rockets
Selects Carpet Bombing Run
Paratrooper Squad Paradrop
M3 Armored Personnel Carrier